 Dungeon Crawl Stone Soup version 0.19-a0-1908-g43c011f (webtiles) character file.

64071 MrRokkomies the Spear-Bearer (level 14, -14/121 HPs)
             Began as a Demigod Summoner on Oct 20, 2016.
             Demolished by an orc knight
             ... wielding a +3 dire flail of protection
              (18 damage)
             ... on level 13 of the Dungeon on Oct 22, 2016.
             The game lasted 01:27:04 (25406 turns).

MrRokkomies the Spear-Bearer (Demigod Summoner)    Turns: 25406, Time: 01:27:05

Health: -14/121    AC: 21    Str: 13    XL:     14   Next: 32%
Magic:  14/27      EV: 20    Int: 29    God:
Gold:   1716       SH:  0    Dex: 21    Spells: 6 memorised, 7 levels left

rFire  . . .     SeeInvis .     a - +5 glaive (freeze)
rCold  . . .     Gourm    .     C - +2 mottled dragon scales
rNeg   . . .     Faith    .     (shield currently unavailable)
rPois  +         Spirit   .     (no helmet)
rElec  .         Reflect  .     k - +2 cloak {rPois}
rCorr  .         Harm     .     f - +0 pair of gloves
MR     +....                    F - +2 pair of boots
Stlth  ++........               W - amulet of regeneration
                                A - ring "Eqievya" {+Fly rPois Int+6 Dex+3}
                                g - +6 ring of protection

@: no status effects
A: high mp 1
a: Evoke Flight


You were on level 13 of the Dungeon.
You were hungry.

You visited 3 branches of the dungeon, and saw 22 of its levels.
You also visited: Sewer.

You collected 2433 gold pieces.
You spent 717 gold pieces at shops.

Inventory:

Hand Weapons
 a - a +5 glaive of freezing (weapon)
 I - a +0 arbalest
Missiles
 d - 22 tomahawks (quivered)
 n - 22 bolts
Armour
 f - a +0 pair of gloves (worn)
 k - a +2 cloak of poison resistance (worn)
 C - +2 mottled dragon scales (worn)
 F - a +2 pair of boots (worn)
Jewellery
 g - a +6 ring of protection (left hand)
 s - an uncursed ring of see invisible
 A - the ring "Eqievya" (right hand) {+Fly rPois Int+6 Dex+3}
   (You found it on level 2 of the Lair of Beasts)

   [ring of flight]

   It affects your intelligence (+6).
   It affects your dexterity (+3).
   It protects you from poison.
   It lets you fly.
 W - an amulet of regeneration (around neck)
Wands
 t - a wand of digging (10/24)
 x - a wand of teleportation (1/9)
 B - a wand of acid (5/15)
 E - a wand of lightning (8/15)
 O - a wand of slowing (20/48)
 U - a wand of hasting (2/9)
 V - a wand of paralysis (12/24)
 X - a wand of disintegration (13/24)
Scrolls
 b - 2 scrolls of magic mapping
 h - 3 scrolls of immolation
 j - 3 scrolls of identify
 m - 7 scrolls of remove curse
 o - 2 scrolls of teleportation
 p - a scroll of recharging
 z - 2 scrolls of amnesia
 M - a scroll of fear
 N - 3 scrolls of fog
 R - 2 scrolls of blinking
Potions
 e - a potion of agility
 l - 4 potions of curing
 q - 3 potions of cancellation
 w - a potion of might
 D - 2 potions of flight
 G - a potion of ambrosia
 H - a potion of invisibility
 K - 3 potions of lignification
Miscellaneous
 y - a lamp of fire
 J - a phial of floods
Comestibles
 c - 12 bread rations
 i - 12 beef jerkies
 r - 5 fruits
 v - 9 meat rations


   Skills:
 - Level 10.0 Fighting
   Level 6.0 Short Blades
 * Level 14.0 Polearms
 * Level 10.2 Dodging
 - Level 1.7 Stealth
 - Level 6.0 Spellcasting
 - Level 7.0 Summonings
 - Level 7.1 Ice Magic
 - Level 5.0 Air Magic


You had 7 spell levels left.
You knew the following spells:

 Your Spells              Type           Power        Failure   Level  Hunger
b - Call Canine Familiar  Summ           #####...     1%          3    None
c - Call Imp              Summ           #####...     1%          2    None
d - Summon Lightning Spi  Summ/Air       #####...     10%         4    ###....
e - Summon Ice Beast      Ice/Summ       #####...     4%          4    ###....
f - Blink                 Tloc           N/A          14%         2    None
g - Portal Projectile     Tloc           #.....       24%         3    None


Dungeon Overview and Level Annotations

Branches:
Dungeon (14/15)            Temple (0/1) D:4            Lair (6/6) D:11
 Shoals (0/4) Lair:2       Spider (0/4) Lair:2        Slime (0/5) Lair:6
    Orc (2/2) D:11            Elf (0/3) Orc:2
 Vaults: D:13-14

Shops:
D:5 *   D:9 =   D:12 %   Orc:1 *%}:   Orc:2 [?*!

Annotations:
D:3 1 runed door
Lair:6 exclusion: 3 oklob plants


Innate Abilities, Weirdness & Mutations

You have an increased reservoir of magic. (+10% MP)


Message History

The centaur warrior completely misses you.
Your ice beast hits the vault guard.
Your ice beast freezes the vault guard!
The centaur warrior completely misses you.
You hit the centaur warrior. You freeze the centaur warrior.
The centaur warrior is lightly wounded.
The centaur warrior closely misses you.
The orc knight hits you but does no damage.
The vault guard closely misses you.
The vault guard closely misses your ice beast.
The vault guard barely misses your ice beast.
You slash the centaur warrior! You freeze the centaur warrior.
The centaur warrior is heavily wounded.
The centaur warrior hits you but does no damage.
The deep elf knight points at you and mumbles some strange words.
The shard of ice hits you!
* * * LOW HITPOINT WARNING * * *
Your ice beast hits the orc knight.
Your ice beast freezes the orc knight!
Your ice beast hits the vault guard but does no damage.
The orc knight hits you with a dire flail of protection!!
You die...

#.....# #...............
#.....# #...............
#...*.########..........)....
##.........(..............###
#........................#
#....≈≈≈≈.....≈≈≈≈.......#
#...≈≈≈≈≈≈..)≈≈≈≈≈≈......#
#..≈≈≈≈≈≈(c..≈≈≈≈≈≈≈.....#
#..≈≈≈≈≈≈≈.@.≈≈≈≈≈≈≈.....#
#.###.(###op(###e(###....#
####...# #YY(# #(..#######
#?.(# #..(# #[..# #(.p# #...#
#(..# '## #.#.# ## ......
........ ...........


You could see a vault guard, an orc knight, a centaur warrior, a deep elf knight
and 2 friendly ice beasts.

Vanquished Creatures
  An ettin (Orc:2)
  A fire dragon (Lair:6)
  2 vault guards (D:13)
  2 yaktaur captains (D:12)
  2 centaur warriors
  A tengu warrior (D:12)
  A skeletal warrior (D:11)
  Nergalle (D:11)
  A deep troll (Orc:2)
  An unseen horror (D:13)
  2 lindwurms (Lair:6)
  2 orc knights (Orc:2)
  5 hill giants
  2 manticores
  2 orc sorcerers
  2 cyclopes
  2 ugly things (D:12)
  4 black mambas
  A centaur zombie (D:13)
  4 elephants (Lair:6)
  6 torpor snails (Lair:6)
  A gargoyle (D:13)
  A centaur skeleton (D:10)
  13 spiny frogs
  A kobold demonologist (D:12)
  An efreet (D:12)
  A freezing wraith (D:12)
  6 komodo dragons
  3 rime drakes
  A tengu conjurer (D:13)
  11 trolls
  A tyrant leech (Lair:6)
  4 hornets (Lair:6)
  5 two-headed ogres (Orc:2)
  A snapping turtle (Lair:2)
  6 hippogriffs
  5 dream sheep (Lair:6)
  4 blink frogs
  2 wraiths (D:11)
  2 wyverns
  24 yaks
  4 hogs (D:7)
  A human (D:7)
  4 steam dragons (Lair:6)
  2 basilisks
  3 vampire mosquitoes (D:13)
  3 wargs (Orc:2)
  A mottled dragon (D:13)
  11 water moccasins
  4 ice beasts
  10 porcupines
  20 orc warriors
  2 sky beasts
  A necrophage (D:12)
  A black bear (Lair:1)
  An eye of draining (D:7)
  A phantom (D:11)
  3 wolves
  17 ogres
  10 centaurs
  15 crocodiles
  A gnoll sergeant (Orc:2)
  17 bullfrogs
  A wyvern zombie (D:13)
  A wyvern skeleton (D:13)
  3 scorpions
  13 killer bees
  6 wights
  5 howler monkeys
  A vampire bat (D:5)
  A quasit (D:11)
  A bullfrog zombie (D:12)
  A crimson imp (D:10)
  9 orc priests
  5 hounds
  3 jellies
  14 orc wizards
  3 iguanas
  Ijyb (D:2)
  8 worker ants
  2 hound skeletons
  A howler monkey zombie (D:7)
  3 gnolls
  10 adders
  2 river rats
  2 shadow imps
  5 oozes
  An adder skeleton (D:8)
  An adder zombie (D:9)
  A worm (D:3)
  2 dart slugs
  17 leopard geckos
  70 orcs
  16 ball pythons
  14 bats
  7 giant cockroaches
  11 goblins
  7 hobgoblins
  11 jackals
  9 kobolds
  9 quokkas
  7 frilled lizards
  2 leopard gecko skeletons
  15 rats
  3 plants
574 creatures vanquished.

Vanquished Creatures (collateral kills)
  2 ogre magi (Orc:2)
  A fire dragon (Lair:6)
  5 hydras
  A catoblepas (Lair:5)
  2 skeletal warriors (D:11)
  A deep troll (Orc:2)
  An orc knight (D:13)
  2 hill giants
  An orb spider (Lair:2)
  An orc sorcerer (Orc:2)
  3 cyclopes
  2 elephants (Lair:6)
  A spiny frog (Lair:2)
  A rime drake (Lair:6)
  A tengu conjurer (D:13)
  2 trolls
  2 tyrant leeches (Lair:6)
  2 two-headed ogres
  A queen bee (D:11)
  3 hornets (Lair:6)
  9 blink frogs
  A hippogriff (D:9)
  20 yaks
  3 basilisks
  2 vampire mosquitoes (D:12)
  A golden eye (Lair:6)
  A steam dragon (Lair:6)
  A human (D:13)
  Grum (D:8)
  The ghost of Grim the Charmwright, an amateur HESk (D:3)
  A mottled dragon (Lair:6)
  A warg (Orc:2)
  A porcupine (Lair:3)
  A sky beast (D:7)
  2 orc warriors
  An ice beast (D:6)
  5 ogres
  3 centaurs
  4 crocodiles
  A bullfrog (D:11)
  2 scorpions
  15 killer bees
  A vampire bat (D:5)
  A jelly (D:6)
  An orc wizard (Orc:2)
  3 orc priests
  2 iguanas (Lair:6)
  6 gnolls
  2 river rats (D:11)
  5 adders
  A shadow imp (D:5)
  3 oozes (Sewer)
  A worm (D:3)
  4 leopard geckos
  8 orcs
  8 bats
  2 giant cockroaches (Sewer)
  6 goblins
  6 ball pythons (Sewer)
  6 frilled lizards (Sewer)
  8 rats (D:11)
  2 fungi (Lair:6)
  A plant (Lair:6)
189 creatures vanquished.

Vanquished Creatures (others)
  6 fungi
  A plant (Lair:6)
7 creatures vanquished.

Grand Total: 770 creatures vanquished

Notes
Turn   | Place    | Note
-------+----------+-------------------------------------------
     0 | D:1      | MrRokkomies the Demigod Summoner began the quest for the Orb.
     0 | D:1      | Reached XP level 1. HP: 14/14 MP: 5/5
   166 | D:1      | Reached skill level 1 in Fighting
   166 | D:1      | Reached XP level 2. HP: 17/23 MP: 4/7
   630 | D:1      | Reached XP level 3. HP: 21/29 MP: 8/8
  1082 | D:2      | Learned a level 3 spell: Call Canine Familiar
  1786 | D:2      | Found a bloodstained altar of Trog.
  1813 | D:2      | Reached XP level 4. HP: 36/37 MP: 9/9
  1888 | D:2      | Noticed Ijyb
  1902 | D:2      | Killed Ijyb
  2173 | D:3      | Reached XP level 5. HP: 29/45 MP: 10/10
  2324 | D:3      | Noticed Grim's ghost (amateur HESk)
  2325 | D:3      | Found a deep blue altar of Sif Muna.
  2391 | D:4      | Found a shattered altar of Ashenzari.
  2431 | D:4      | Reached skill level 5 in Summonings
  2444 | D:4      | Learned a level 2 spell: Call Imp
  2528 | D:4      | Found a glowing drain.
  2535 | Sewer    | Entered a sewer
  2670 | Sewer    | Reached XP level 6. HP: 30/52 MP: 11/11
  3243 | D:4      | Found a staircase to the Ecumenical Temple.
  3399 | D:4      | Reached skill level 5 in Fighting
  3399 | D:4      | Reached XP level 7. HP: 45/61 MP: 12/12
  3501 | D:4      | Found a blossoming altar of Fedhas.
  3613 | D:3      | Found a glowing golden altar of the Shining One.
  3620 | D:3      | Found a runed door.
  3620 | D:3      | Noticed an angel
  3693 | D:3      | Killed Grim's ghost
  3833 | D:5      | Entered Level 5 of the Dungeon
  4331 | D:5      | Found Cexe's Assorted Antiques.
  4334 | D:5      | Bought a fuming red potion for 27 gold pieces
  4334 | D:5      | Bought a glowing bone wand for 124 gold pieces
  4334 | D:5      | Bought a scroll labeled WERIRRIREMP for 31 gold pieces
  4334 | D:5      | Bought a scroll labeled WERIRRIREMP for 31 gold pieces
  4728 | D:5      | Reached XP level 8. HP: 70/70 MP: 14/14
  4897 | D:6      | Learned a level 4 spell: Summon Lightning Spire
  5292 | D:6      | Reached skill level 1 in Short Blades
  6521 | D:7      | Found a snail-covered altar of Cheibriados.
  6522 | D:7      | Found an iron altar of Okawaru.
  6553 | D:7      | You fall through a shaft for 2 floors!
  6553 | D:9      | Noticed Grum
  6553 | D:9      | Noticed a troll
  7095 | D:7      | Reached skill level 5 in Spellcasting
  7148 | D:7      | Reached XP level 9. HP: 60/75 MP: 20/20
  7187 | D:7      | Reached skill level 5 in Short Blades
  7572 | D:7      | Learned a level 4 spell: Summon Ice Beast
  7575 | D:7      | Learned a level 2 spell: Blink
  7579 | D:7      | Learned a level 3 spell: Portal Projectile
  7751 | D:8      | Reached skill level 1 in Air Magic
  7936 | D:8      | Reached skill level 1 in Ice Magic
  8509 | D:8      | Killed Grum
  9249 | D:9      | Reached skill level 1 in Polearms
  9987 | D:9      | Found Tonul's Jewellery Emporium.
 10002 | D:9      | Reached skill level 2 in Polearms
 10191 | D:9      | Reached XP level 10. HP: 82/83 MP: 23/23
 10472 | D:9      | Reached skill level 3 in Polearms
 11035 | D:10     | Entered Level 10 of the Dungeon
 11103 | D:10     | Reached skill level 5 in Air Magic
 11125 | D:10     | Reached skill level 4 in Polearms
 11237 | D:10     | Found a roughly hewn altar of Beogh.
 11262 | D:11     | Noticed a skeletal warrior
 11262 | D:11     | Noticed a skeletal warrior
 11264 | D:11     | Noticed a skeletal warrior
 11631 | D:10     | Noticed a hill giant
 11638 | D:10     | Killed a hill giant
 11638 | D:10     | Reached skill level 5 in Polearms
 11802 | D:11     | Noticed a manticore
 11818 | D:11     | Killed a manticore
 11861 | D:11     | Killed a skeletal warrior
 11889 | D:11     | Killed a skeletal warrior
 11889 | D:11     | Reached skill level 6 in Polearms
 11889 | D:11     | Reached skill level 5 in Ice Magic
 11889 | D:11     | Killed a skeletal warrior
 12014 | D:11     | Found a staircase to the Lair.
 12033 | D:11     | Noticed Nergalle
 12051 | D:11     | Noticed a spectral orc warlord
 12217 | D:11     | Reached XP level 11. HP: 85/89 MP: 24/24
 12227 | D:11     | Killed Nergalle
 12459 | D:11     | Reached skill level 7 in Polearms
 12564 | D:11     | Found a staircase to the Orcish Mines.
 12634 | D:11     | Noticed a hill giant
 12643 | D:11     | Killed a hill giant
 13012 | Lair:1   | Entered Level 1 of the Lair of Beasts
 13301 | Lair:1   | Reached skill level 8 in Polearms
 13348 | Lair:1   | Identified 2 scrolls of acquirement
 13349 | Lair:1   | Got a transparent ring mail
 13360 | Lair:1   | Identified the +5 ring mail of Vexation {-Tele +Fly rN++ rCorr} (You acquired it on level 1 of the Lair of Beasts)
 14316 | Lair:2   | Upgraded the game from 0.19-a0-1899-g2d93087 to 0.19-a0-1905-ge8b2aad
 14399 | Lair:2   | Got a warped silver ring
 14419 | Lair:2   | Identified the ring "Eqievya" {+Fly rPois Int+6 Dex+3} (You found it on level 2 of the Lair of Beasts)
 14895 | Lair:2   | Found a hole to the Spider Nest.
 14926 | Lair:2   | Reached skill level 9 in Polearms
 15076 | Lair:2   | Found a staircase to the Shoals.
 15093 | Lair:2   | Reached skill level 5 in Dodging
 16126 | Lair:4   | Noticed a seven-headed hydra
 16141 | Lair:4   | Killed a seven-headed hydra
 16141 | Lair:4   | Reached XP level 12. HP: 96/96 MP: 8/25
 16679 | Lair:4   | Reached skill level 10 in Polearms
 17011 | Lair:5   | Noticed an eight-headed hydra
 17015 | Lair:5   | Killed a ten-headed hydra
 17091 | Lair:5   | Noticed a five-headed hydra
 17098 | Lair:5   | Killed a five-headed hydra
 17194 | Lair:5   | Noticed a catoblepas
 17213 | Lair:5   | Killed a catoblepas
 17656 | Lair:6   | Entered Level 6 of the Lair of Beasts
 17960 | Lair:6   | Reached skill level 11 in Polearms
 18120 | Lair:6   | Found a runed door.
 18668 | Lair:6   | Noticed a five-headed hydra
 18694 | Lair:6   | Killed a six-headed hydra
 18863 | Lair:6   | Reached XP level 13. HP: 93/103 MP: 26/26
 19015 | Lair:6   | Found a staircase to the Slime Pits.
 19350 | Lair:6   | Reached skill level 12 in Polearms
 20110 | Orc:1    | Entered Level 1 of the Orcish Mines
 20411 | Orc:1    | Found Xuurok's General Store.
 20425 | Orc:1    | Bought a scroll of identify for 28 gold pieces
 20443 | Orc:1    | Found Vamior's Food Boutique.
 20554 | Orc:2    | Entered Level 2 of the Orcish Mines
 20902 | Orc:2    | Found a staircase to the Elven Halls.
 21178 | Orc:2    | Paralysed by an orc sorcerer for 6 turns
 21549 | Orc:1    | Found Warex's Gadget Boutique.
 21615 | Orc:1    | Found a bloodstained altar of Trog.
 21632 | Orc:1    | Bought a wand of teleportation (1/9) for 210 gold pieces
 21632 | Orc:1    | Found Jefoy's Book Emporium.
 22296 | Orc:2    | Paralysed by an orc sorcerer for 4 turns
 22608 | Orc:2    | Reached skill level 13 in Polearms
 22682 | Orc:2    | Found Tuudih's Armour Shoppe.
 22703 | Orc:2    | Found Fehontay's Assorted Antiques.
 22709 | Orc:2    | Found Xomnirohi's Magic Scroll Emporium.
 22711 | Orc:2    | Found Quyckeeg's Distillery.
 22752 | Orc:2    | Bought a scroll of identify for 28 gold pieces
 22752 | Orc:2    | Bought a scroll of identify for 28 gold pieces
 22752 | Orc:2    | Bought a scroll of enchant armour for 105 gold pieces
 22752 | Orc:2    | Bought a scroll of enchant weapon for 105 gold pieces
 23054 | Orc:2    | Upgraded the game from 0.19-a0-1905-ge8b2aad to 0.19-a0-1908-g43c011f
 23467 | D:12     | Reached skill level 10 in Fighting
 23467 | D:12     | Reached XP level 14. HP: 51/121 MP: 21/27
 23664 | D:12     | Found Jafyfup's Food Boutique.
 25197 | D:13     | Reached skill level 10 in Dodging
 25398 | D:13     | Reached skill level 14 in Polearms
 25406 | D:13     | HP: 4/121 [deep elf knight/shard of ice (22)]
 25406 | D:13     | Demolished by an orc knight

Vault maps used:
D:1:      dpeg_arrival_fog
D:2:      kennysheep_the_goblin_king, nicolae_overflow_hidden_temple
D:3:      overflow_temple_1_default, lemuel_angel_altar
D:4:      ashenzari_altar_1, gup_sewer_entry_bubbles,
          fedhas_bush_and_centaur_altar
D:5:      first_bread, serial_shops, nicolae_shop_behind_doors,
          minmay_guarded_unrand_vampires_tooth
D:6:      dk_noncrumbling_3
D:7:      gammafunk_temple_overflow_statue, grunt_livestock
D:9:      serial_shops, shop, uniq_grum
D:10:     special_room
D:11:     grunt_lair_entry_orc_guard_hut, orc_0_dummy, special_room,
          uniq_nergalle
D:12:     serial_shops, shop, minmay_checkered_concentric_circles
D:13:     grunt_vaults_entry_fortified
Lair:1:   minmay_hedge_maze, st_stairs_8
Lair:2:   minmay_shoals_entry_hut, nicolae_spider_entry_orb_guardian
Lair:3:   beast_lair_carwin_1, grunt_megastairs_5
Lair:5:   st_stairs_4, serial_bayou_shore_b, grunt_megastairs_3
Lair:6:   wormcave, guppyfry_lair_end_dragon, minmay_slime_entry_oklob_open,
          lemuel_fruit_fields
Orc:1:    serial_shops, shop_fountains, shop, nicolae_shop_stone, shop,
          bloody_trog
Orc:2:    st_orc_open, sword_in_stone
Sewer:    sewer_frog_island_02

Skill      XL: |  1  2  3  4  5  6  7  8  9 10 11 12 13 14 |
---------------+-------------------------------------------+-----
Fighting       | 1 2 3 4 5 6 10 | 10.0
Summonings     | 4 5 6 7 |  7.0
Dodging        | 2 6 9 10 | 10.2
Spellcasting   | 2 5 6 |  6.0
Short Blades   | 4 6 |  6.0
Air Magic      | 4 5 |  5.0
Ice Magic      | 2 5 7 |  7.1
Polearms       | 2 6 9 11 13 14 | 14.0
Stealth        | |  1.7

Action                   |  1- 3 |  4- 6 |  7- 9 | 10-12 | 13-15 || total
-------------------------+-------+-------+-------+-------+-------++-------
Melee: Mace              |   178 |    13 |       |       |       ||   191
       Dagger            |       |   363 |   680 |       |       ||  1043
       Glaive            |       |       |    52 |   701 |   788 ||  1541
Throw: Tomahawk          |       |       |     4 |     6 |    26 ||    36
 Cast: Summon Small Mamm |     3 |     1 |     1 |       |       ||     5
       Call Canine Famil |       |     8 |    23 |     6 |       ||    37
       Call Imp          |       |       |     2 |       |       ||     2
       Summon Lightning  |       |       |     2 |    25 |    15 ||    42
       Blink             |       |       |     1 |     4 |     1 ||     6
       Summon Ice Beast  |       |       |       |    62 |    59 ||   121
Evoke: Wand              |       |       |     1 |     1 |     1 ||     3
       Lamp of fire      |       |       |       |     1 |       ||     1
  Use: Scroll            |     5 |     2 |    18 |    15 |     5 ||    45
       Potion            |       |       |     3 |       |     6 ||     9
 Stab: Sleeping          |     3 |     1 |     3 |     8 |     5 ||    20
       Distracted        |       |       |     1 |    13 |     9 ||    23
  Eat: Chunk             |     3 |     8 |    21 |    32 |    27 ||    91
       Meat ration       |       |       |     1 |       |       ||     1
       Pizza             |       |       |     1 |     3 |       ||     4
       Royal jelly       |       |       |       |     1 |       ||     1
       Fruit             |       |       |       |       |     1 ||     1
Armor: Robe              |     3 |       |       |       |       ||     3
       Ring mail         |    92 |   214 |   396 |    78 |   211 ||   991
       Troll leather arm |       |       |       |   253 |       ||   253
       Mottled dragon sc |       |       |       |       |    96 ||    96
       Skin              |       |       |       |       |    10 ||    10
Dodge: Dodged            |   141 |   266 |   392 |   531 |   643 ||  1973
